 Dungeon Crawl Stone Soup version 0.28.0-47-ge53b351184 (webtiles) character file.

Game seed: 4113255534786470205

292 101zpm the Magician (level 6, 0/40 HPs)
             Began as a Djinni Ice Elementalist on Apr 27, 2022.
             Killed by divine providence
             ... invoked by an orc priest
              (13 damage)
             ... on level 4 of the Dungeon.
             The game lasted 00:06:02 (3802 turns).

101zpm the Magician (Djinni Ice Elementalist)       Turns: 3802, Time: 00:06:02

Health: 0/40       AC:  2    Str:  7    XL:     6   Next: 59%
Gold:   109        EV: 12    Int: 18    God:
                   SH:  0    Dex: 14

rFire   + + .      SeeInvis .   (no weapon)
rCold   x . .      Faith    .   (no shield)
rNeg    . . .      Spirit   .   a - +0 robe
rPois   ∞          Reflect  .   (no helmet)
rElec   .          Harm     .   (no cloak)
rCorr   .          Rampage  .   (no gloves)
Will    .....                   (boots unavailable)
Stlth   ++........              (no amulet)
HPRegen 0.13/turn               (no ring)
MPRegen 0.00/turn               (no ring)

@: freezing walls, flying
A: sickness immunity, fire resistance 2, cold vulnerability 1, float, innate
caster, HP casting, extra vitality 1
a: no special abilities


You were on level 4 of the Dungeon.
You visited 1 branch of the dungeon, and saw 4 of its levels.

You collected 109 gold pieces.

Inventory:

Armour
 a - a +0 robe (worn)
Scrolls
 c - a scroll of vulnerability {unknown}
 f - 4 scrolls of identify {unknown}
 g - a scroll of magic mapping {unknown}
 h - a scroll of noise {unknown}
Potions
 b - a potion of degeneration {unknown}
 d - a potion of curing {unknown}
 e - a potion of might {unknown}


   Skills:
 + Level 0.2 Fighting
 + Level 2.4 Dodging
 + Level 1.8 Stealth
 + Level 5.6 Spellcasting


You had 2 spell levels left.
You knew the following spells:

 Your Spells              Type           Power      Damage    Failure   Level
a - Freeze                Ice            100%       1d11      1%          1
b - Frozen Ramparts       Ice            50%        1d7       3%          3
c - Ozocubu's Armour      Ice            25%        N/A       3%          3
d - Hailstorm             Conj/Ice       25%        3d7       12%         4
e - Pain                  Necr           100%       1d9       1%          1
f - Poisonous Vapours     Pois/Air       50%        N/A       1%          2
Your spell library was empty.

Dungeon Overview and Level Annotations

Branches:
Dungeon (4/15)
 Temple: D:4-7

Altars:


Innate Abilities, Weirdness & Mutations

You are immune to sickness and miasma.
You are immune to poison.
Your flesh is very heat resistant. (rF++)
You are vulnerable to cold. (rC-)
You float through the air rather than walking.
You learn spells naturally, not from books.
Your magical power is your life essence.
You have superior vitality. (+4 MHP)


Message History

Aiming: Poisonous Vapours (safe; 1% risk of failure)
Press: ? - help, Dir - move target, f - orc, p - orc
Aim: an orc, wielding a +0 whip and wearing a +0 leather armour Poisonous vapours surround the orc!
The orc is poisoned.
An ufetubus comes into view.
The orc throws a boomerang.
The boomerang barely misses you.
Casting: Poisonous Vapours (safe; 1% risk of failure)
Confirm with . or Enter, or press ? or * to list all spells.
Aiming: Poisonous Vapours (safe; 1% risk of failure)
Press: ? - help, Dir - move target, f - orc priest, p - orc
Aim: an orc priest, wielding a +0 dagger of draining and wearing a +0 chain mail Poisonous vapours surround the orc priest!
The orc priest is poisoned.
Casting: Poisonous Vapours (safe; 1% risk of failure)
Confirm with . or Enter, or press ? or * to list all spells.
Aiming: Poisonous Vapours (safe; 1% risk of failure)
Press: ? - help, Dir - move target, f/p - orc priest
Aim: an orc priest, wielding a +0 dagger of draining and wearing a +0 chain mail (lightly wounded, poisoned) Poisonous vapours surround the orc priest!
The orc priest looks even sicker.
You kill the orc!
The orc priest miscasts a cantrip.
Casting: Poisonous Vapours (safe; 1% risk of failure)
Confirm with . or Enter, or press ? or * to list all spells.
Aiming: Poisonous Vapours (safe; 1% risk of failure)
Press: ? - help, Dir - move target, f - ufetubus, p - orc priest
Aim: an ufetubus Poisonous vapours surround the ufetubus!
The ufetubus is poisoned.
Casting: Poisonous Vapours (safe; 1% risk of failure)
Confirm with . or Enter, or press ? or * to list all spells.
Aiming: Poisonous Vapours (safe; 1% risk of failure)
Press: ? - help, Dir - move target, f - orc priest, p - ufetubus
Aim: an orc priest, wielding a +0 dagger of draining and wearing a +0 chain mail (lightly wounded, very poisoned) Poisonous vapours surround the orc priest!
The orc priest looks as sick as possible!
You kill the orc!
The orc priest calls down the wrath of Beogh upon you.
Beogh smites you!
You die...

#.##......[..#
............#
#...........#
#....)......#
.)..o......#
#..o.....$#
#.5.....#
#@....#
#..†).###
#..#..# #..
...# ..# .....
..# .##... .##
.# #..# #< ##
...


You could see an orc priest (extremely poisoned), an orc (poisoned) and an
ufetubus (very poisoned).

Vanquished Creatures
  A water moccasin (D:3)
  An orc priest (D:3)
  A hound (D:4)
  Jessica (D:2)
  3 adders (D:2)
  2 worms (D:2)
  3 dart slugs
  7 orcs
  7 ball pythons
  6 endoplasms
  2 giant cockroaches (D:2)
  5 goblins
  4 hobgoblins
  3 quokkas
  6 bats
  A frilled lizard (D:1)
  5 kobolds
  5 rats
63 creatures vanquished.

Notes
Turn   | Place    | Note
-------+----------+-------------------------------------------
     0 | D:1      | 101zpm the Djinni Ice Elementalist began the quest for the
                  | Orb.
     0 | D:1      | Reached XP level 1. HP: 15/15 MP: 0/0
   395 | D:1      | Found a faded altar of an unknown god.
   575 | D:1      | Reached XP level 2. HP: 16/21 MP: 0/0
  1082 | D:1      | Reached XP level 3. HP: 17/25 MP: 0/0
  1082 | D:1      | Learned a level 1 spell: Pain
  1501 | D:2      | Reached skill level 4 in Spellcasting
  1606 | D:2      | Noticed Jessica
  1615 | D:2      | Killed Jessica
  1616 | D:2      | Reached XP level 4. HP: 20/31 MP: 0/0
  2161 | D:2      | Reached XP level 5. HP: 23/35 MP: 0/0
  2161 | D:2      | Learned a level 2 spell: Poisonous Vapours
  3110 | D:3      | Noticed a water moccasin
  3113 | D:3      | Reached skill level 5 in Spellcasting
  3121 | D:3      | Killed a water moccasin
  3122 | D:3      | Reached XP level 6. HP: 8/40 MP: 0/0
  3802 | D:4      | Killed from afar by an orc priest

Illustrated notes

Levels and vault maps discovered:
D:1:      scummos_arrival_forest, layout_loops_ring,
          hellmonk_ecumenical_altar_slurped_away
D:2:      cheibrodos_old_hovel, layout_loops_ring, uniq_jessica
D:3:      layout_loops_ring
D:4:      layout_rooms, grunt_ministairs_12, kennysheep_small_square,
          uniq_eustachio

Skill      XL: |  1  2  3  4  5 |
---------------+----------------+-----
Spellcasting   | 4 5 |  5.6
Fighting       | |  0.2
Dodging        | |  2.4
Stealth        | |  1.8

Action                   |  1- 3 |  4- 6 || total
-------------------------+-------+-------++-------
Melee: Unarmed           |     1 |     1 ||     2
 Cast: Freeze            |    38 |    52 ||    90
       Frozen Ramparts   |       |     5 ||     5
       Poisonous Vapours |       |    21 ||    21
       Ozocubu's Armour  |       |     1 ||     1
Armor: Robe              |     9 |     5 ||    14
Dodge: Dodged            |    13 |    27 ||    40
